 Dungeon Crawl Stone Soup version 0.26.0-16-gc1dbca0489 (webtiles) character file.

Game seed: 8618783798384765293

2 ragingrage the Sneak (level 1, -6/14 HPs)
             Began as a Gargoyle Delver on Jan 20, 2021.
             Mangled by an ogre
             ... wielding a +0 giant spiked club
              (19 damage)
             ... on level 4 of the Dungeon.
             The game lasted 00:00:51 (205 turns).

ragingrage the Sneak (Gargoyle Delver)               Turns: 205, Time: 00:00:52

Health: -6/14      AC:  5    Str: 15    XL:     1   Next: 30%
Magic:  1/1        EV: 11    Int: 10    God:
Gold:   0          SH:  0    Dex: 11    Spells: 0/0 levels left

rFire    . . .     SeeInvis .   a - +0 mace
rCold    . . .     Faith    .   (no shield)
rNeg     + . .     Spirit   .   b - +0 leather armour
rPois    ∞         Reflect  .   (no helmet)
rElec    +         Harm     .   (no cloak)
rCorr    .         Rampage  .   (no gloves)
Will     .....                  (no boots)
Stlth    +++.......             (no amulet)
HPRegen  0.04/turn              (no ring)
MPRegen  0.07/turn              (no ring)

@: no status effects
A: negative energy resistance 1, electricity resistance, unbreathing,
petrification resistance, miasma immunity, AC +2
a: no special abilities


You were on level 4 of the Dungeon.
You visited 1 branch of the dungeon, and saw 3 of its levels.

Inventory:

Hand Weapons
 a - a +0 mace (weapon)
Armour
 b - a +0 leather armour (worn)
Wands
 g - a wand of digging (3)
 h - a wand of paralysis (11)
Scrolls
 c - a scroll of fog
 d - a scroll of magic mapping
 e - a scroll of fear
Potions
 f - a potion of haste


   Skills:
 - Level 3.2 Fighting
 * Level 2.2 Maces & Flails
 - Level 1.5 Dodging
 - Level 5.4 Stealth


You couldn't memorise any spells.
You didn't know any spells.
Your spell library was empty.

Dungeon Overview and Level Annotations

Branches:
Dungeon (6/15)
 Temple: D:4-7

Altars:

Shops:
D:5 *

Annotations:
D:5 exclusion: 2 downstairs


Innate Abilities, Weirdness & Mutations

You are resistant to torment.
Your stone body is resilient. (AC +2)
You are immune to poison.
You resist negative energy. (rN+)
You are resistant to electric shocks. (rElec)
You can survive without breathing.
You are immune to petrification.
You are immune to miasma.


Message History

The jackal bites you but does no damage.
The hound skeleton barely misses you.
A worker ant zombie comes into view.
The jackal bites you.
The hound skeleton bites you but does no damage.
You hit the jackal but do no damage. The jackal closely misses you.
The hound skeleton bites you but does no damage.
The jackal bites you but does no damage.
The hound skeleton barely misses you.
You hit the jackal.
The jackal is severely wounded.
The jackal barely misses you.
The jackal bites you but does no damage.
You miss the jackal.
The jackal is severely wounded.
The jackal closely misses you.
The jackal bites you but does no damage.
The ogre hits you with a +0 giant spiked club!!
Ouch! That really hurt!
You die...

...## .... ...
###.# #...# ##
#.####..## ..
##.>.......
#.###h.......(.
#ZO@hhh........
#.?.Z####Z........
..... #.........
.... #.........
... #......... ..
.......... .
.......


You could see an ogre, a worker ant zombie, 4 jackals, a hound skeleton and a
bullfrog skeleton.

Vanquished Creatures
  A leopard gecko (D:5)
1 creature vanquished.

Notes
Turn   | Place    | Note
-------+----------+-------------------------------------------
     0 | D:5      | ragingrage the Gargoyle Delver began the quest for the Orb.
     0 | D:5      | Reached XP level 1. HP: 14/14 MP: 1/1
    13 | D:5      | Noticed a hound
    23 | D:5      | Found Bidoam's General Store.
   131 | D:6      | Noticed an electric eel
   162 | D:5      | Noticed a phantom
   172 | D:6      | Noticed an electric eel
   191 | D:5      | Noticed a sky beast
   199 | D:4      | Noticed an ogre
   205 | D:4      | Mangled by an ogre

Illustrated notes

Levels and vault maps discovered:
D:4:      layout_rooms, gammafunk_ghost_arena, serial_undead, serial_undead_c,
          serial_undead_f, serial_undead_c, serial_undead_d
D:5:      layout_cave_pools, okawaru_altar_gauntlet_db,
          minmay_temple_entry_mist, serial_shops, shop
D:6:      layout_cave_pools, serial_bayou, serial_bayou_pond_d,
          serial_bayou_lagoon_b, serial_bayou_ford_a, serial_bayou_shore_b

Action                   || total
-------------------------++-------
Melee: Mace              ||     8
Armor: Leather armour    ||    10
Dodge: Dodged            ||     9
